 Dungeon Sprint DCSS version 0.29.1-12-g30fa7ad0bf (webtiles) character file.

Game seed: 15870381327932133874

15096 Groucho the Unseen (level 11, 0/54 HPs)
             Began as a Spriggan Enchanter on Dec 30, 2022.
             Was a High Priest of Dithmenos.
             Slain by a hellephant (17 damage)
             ... in the Dungeon (Sprint II: "The Violet Keep of Menkaure").
             The game lasted 00:15:34 (2562 turns).

Groucho the Unseen (Spriggan Enchanter)             Turns: 2562, Time: 00:15:34

Health: 0/54       AC:  2    Str:  8    XL:     11   Next: 97%
Magic:  28/31      EV: 24    Int: 17    God:    Dithmenos [*****.]
Gold:   1495       SH:  0    Dex: 16    Spells: 20/40 levels left

rFire   . . .      SeeInvis +   a - +1 dagger
rCold   . . .      Faith    .   (no shield)
rNeg    . . .      Spirit   .   b - +0 robe
rPois   +          Reflect  .   (helmet restricted)
rElec   .          Harm     .   (no cloak)
rCorr   .          Rampage  .   (gloves unavailable)
Will    +....      NoTele   +   (boots unavailable) Stlth **++++++++
                                (no amulet)
HPRegen 0.18/turn               m - ring of poison resistance
MPRegen 0.22/turn               (no ring)

@: wreathed by umbra, very quick
A: very small, no large weapons, unfitting armour, see invisible, speed 3,
subdued magic 1
a: Renounce Religion, Shadow Step, Shadow Form


You were in the Dungeon.
You worshipped Dithmenos.
Dithmenos was extremely pleased with you.
You visited 1 branch You collected 2378 gold pieces.
You spent 883 gold pieces at shops.

Inventory:

Hand Weapons
 a - a +1 dagger (weapon)
Missiles
 n - 34 stones (quivered)
 q - 2 throwing nets
Armour
 b - a +0 robe (worn)
Jewellery
 f - a +4 ring of protection
 m - a ring of poison resistance (left hand)
Scrolls
 e - a scroll of brand weapon {unknown}
 i - a scroll of blinking
 o - 2 scrolls of poison {unknown}
 p - 3 scrolls of identify {unknown}
 r - a scroll of amnesia {unknown}
 s - a scroll of torment {unknown}
 v - a scroll of butterflies {unknown}
 y - a scroll of enchant weapon {unknown}
Potions
 c - 5 potions of haste
 d - 3 potions of flight
 g - 5 potions of magic
 h - a potion of berserk rage
 j - 4 potions of mutation {unknown}
 k - 4 potions of curing
 l - a potion of might
 t - a potion of lignification {unknown}
 u - 3 potions of resistance {unknown}
 x - a potion of cancellation {unknown}


   Skills:
 + Level 4.6 Fighting
 - Level 10.0 Short Blades
 + Level 11.0 Dodging
 - Level 18.0 Stealth
 + Level 15.0 Spellcasting
 * Level 3.9 Conjurations
 - Level 14.0 Hexes
 - Level 10.7 Transmutations
 - Level 9.0 Fire Magic
 * Level 4.8 Earth Magic
 - Level 10.0 Poison Magic
 * Level 6.8 Invocations


You had 20 spell levels left.
You knew the following spells:

 Your Spells              Type           Power      Damage    Failure   Level
a - Ensorcelled Hibernat  Hex/Ice        56%        N/A       1%          2
b - Confusing Touch       Hex            46%        N/A       1%          3
c - Dazzling Flash        Conj/Hex       66%        N/A       1%          3
d - Tukima's Dance        Hex            46%        N/A       1%          3
e - Ignite Poison         Fire/Tmut/Pois 35%        N/A       1%          3
f - Passwall              Tmut/Erth      25%        N/A       1%          2
g - Stone Arrow           Conj/Erth      42%        3d9       1%          3
h - Sandblast             Erth           44%        2d11      1%          1

Your spell library contained the following spells:

 Spells                   Type           Power      Damage    Failure   Level
 Mephitic Cloud           Conj/Pois/Air  22%        N/A       1%          3
 Petrify                  Tmut/Erth      30%        N/A       1%          4
 Metabolic Englaciation   Hex/Ice        14%        N/A       6%          5
 Gell's Gravitas          Tloc           9%         N/A       13%         3
 Lesser Beckoning         Tloc           9%         N/A       13%         3
 Teleport Other           Tloc           9%         N/A       13%         3
 Statue Form              Tmut/Erth      20%        N/A       28%         6
 Freezing Cloud           Conj/Ice/Air   6%         6-21      58%         5


Dungeon Overview and Level Annotations

Branches:
Dungeon (1/1)

Altars:
Cheibriados
Dithmenos
Elyvilon
Fedhas
Gozag
Hepliaklqana
Kikubaaqudgha
Makhleb
Nemelex Xobeh
Okawaru
Qazlal
Ru
Sif Muna
Trog
Uskayaw
Vehumet
Wu Jian
Xom
Yredelemnul
Zin
The Shining One
Jiyva
Lugonu

Shops:
D *?::!!=!(([=([(

Annotations:
D exclusion: oklob plant, Sonja


Innate Abilities, Weirdness & Mutations

You are very small and have problems with some larger weapons.
You are too small for most types of armour.
You have supernaturally acute eyesight. (SInv)
You cover ground extremely quickly. (Speed+++)
Your spells are a little easier to cast, but a little less powerful.


Message History

No reachable target in view!
The purple draconian shifter hits you with a +1 rapier of speed.
You barely miss the purple draconian shifter.
Your shadow barely misses the purple draconian shifter.
The purple draconian shifter casts a spell.
The purple draconian shifter blinks!
You hit the hellephant but do no damage.
Your shadow hits the hellephant but does no damage.
The hellephant completely misses you. The hellephant bites you!
The hellephant gores you!
* * * LOW HITPOINT WARNING * * *
You hit the hellephant but do no damage.
You feel much better. The hellephant tramples you!!
* * * LOW HITPOINT WARNING * * *
You emit a cloud of dark smoke.
You are shoved backwards!
Okay, then.
You are starting to lose your buoyancy.
Unknown command.
You float gracefully downwards.
The hellephant breathes flames at you. The blast of flame misses you.
Unknown command.
You start resting.
Your hands stop glowing.
You start resting.
A hellephant is nearby!
Casting: Confusing Touch (safe; 1% risk of failure)
Confirm with . or Enter, or press ? or * to list all spells.
Casting: Dazzling Flash (safe; 1% risk of failure)
Press: ? - help, Dir - look around, f - activate The hellephant is dazzled.
The hellephant closely misses you. The hellephant misses you.
The hellephant barely misses you.
Unknown command.
Unknown command.
Unknown command.
You hit the hellephant.
The hellephant is lightly wounded.
Your shadow barely misses the hellephant.
The hellephant tramples you!
You die...

####....#.##)|▓▓▓▓▓▓▓▓▓▓▓
#..'....#..#)=▓()...)..▓▓ ##
#..####.#..#}°▓....))..▓▓$G.▓
.##.####..'.##.#:)▓.[)()().▓▓..$▓
..# ...#..#...####▓...)...[▓▓...▓
.####..#####..##.#▓..).[.).▓▓.$.▓
###.##..#..'..#).#▓....).)[▓▓...▓
##...#..#..#..#..#▓.....[.[▓▓.⌠.▓
.'.##'..####..##@#▓...).[..▓▓.G.▓
####.#....###..Y##▓▓▓▓▓▓▓'▓▓▓▓q▓
###.##..§...~~~~§§~Y~~~~~.§§§§§▓
.####~~.....~#'########'###§§§§▓
).#~~~~§~~..~#....._._#~~~##≈§≈▓
.##~~÷~~~~§.~#...._._.#~~§≈####▓▓
##~~~≈§§~§~~~#..._._._#~§§§≈##..#
~~~~~~≈§≈≈~~~#.._._._.#~§~§§≈#..#
+++#§≈≈§≈≈§≈~#._._._._#§§§§§§'..'


You could see a hellephant (blind).

Vanquished Creatures
  A deep elf master archer (D)
  A kraken (D)
  2 sphinxes (D)
  A crystal guardian (D)
  A great orb of eyes (D)
  An ice dragon (D)
  2 boulder beetles (D)
  An iron elemental (D)
  2 death drakes (D)
  2 deep trolls (D)
  3 shining eyes (D)
  2 slime creatures (D)
  A merfolk siren (D)
  2 unseen horrors (D)
  A yaktaur (D)
  5 polar bears (D)
  A hornet (D)
  3 wyverns (D)
  Menkaure (D)
  3 water moccasins (D)
  2 swamp drakes (D)
  4 necrophages (D)
  3 worms (D)
  A spectral ball python (D)
  A spectral quokka (D)
47 creatures vanquished.

Vanquished Creatures (others)
  A water moccasin (D)
  12 tentacles (D)
13 creatures vanquished.

Grand Total: 60 creatures vanquished

Notes
Turn   | Place    | Note
-------+----------+-------------------------------------------
     0 | D        | Groucho the Spriggan Enchanter began the quest for the Orb.
     0 | D        | Reached XP level 1. HP: 9/9 MP: 5/5
     3 | D        | Noticed a necrophage
     3 | D        | Noticed a necrophage
     3 | D        | Noticed a necrophage
     3 | D        | Noticed a necrophage
    13 | D        | Killed a necrophage
    14 | D        | Reached skill level 8 in Stealth
    14 | D        | Reached skill level 5 in Hexes
    14 | D        | Reached XP level 2. HP: 4/13 MP: 5/8
    14 | D        | Reached XP level 3. HP: 5/16 MP: 6/10
    24 | D        | Killed a necrophage
    25 | D        | Reached skill level 10 in Stealth
    25 | D        | Reached skill level 5 in Spellcasting
    25 | D        | Reached XP level 4. HP: 7/21 MP: 6/12
    28 | D        | Killed a necrophage
    29 | D        | Reached skill level 5 in Short Blades
    29 | D        | Reached skill level 11 in Stealth
    29 | D        | Reached XP level 5. HP: 9/24 MP: 6/14
    34 | D        | Reached skill level 12 in Stealth
    35 | D        | Found Kiloopn's Weapon Emporium.
    35 | D        | Found Usigeramm's Antique Armour Emporium.
    35 | D        | Found Viygred's Antique Weapon Emporium.
    35 | D        | Found Xosuf's Distillery.
    35 | D        | Found Qanif's Antique Weapon Shoppe.
    42 | D        | Noticed a boulder beetle
    42 | D        | Noticed a boulder beetle
    54 | D        | Noticed a merfolk siren
    59 | D        | Killed a merfolk siren
    60 | D        | Reached skill level 15 in Stealth
    60 | D        | Reached XP level 6. HP: 12/28 MP: 8/18
    60 | D        | Reached XP level 7. HP: 13/32 MP: 8/20
    74 | D        | Learned a level 2 spell: Ensorcelled Hibernation
    78 | D        | Learned a level 3 spell: Confusing Touch
    82 | D        | Learned a level 3 spell: Dazzling Flash
    86 | D        | Learned a level 3 spell: Tukima's Dance
   570 | D        | Killed a boulder beetle
   571 | D        | Reached skill level 17 in Stealth
   571 | D        | Reached skill level 10 in Spellcasting
   571 | D        | Reached skill level 10 in Hexes
   571 | D        | Reached XP level 8. HP: 36/36 MP: 14/23
   848 | D        | Killed a boulder beetle
   849 | D        | Reached skill level 10 in Short Blades
   849 | D        | Reached skill level 18 in Stealth
   870 | D        | Found Xeduh's Antique Weapon Emporium.
   870 | D        | Found Woddaibu's Jewellery Shoppe.
   870 | D        | Found Ubaggike's Antique Armour Shoppe.
   871 | D        | Found Pil Bisone's Jewellery Shoppe.
   872 | D        | Found Xilet's Distillery.
   873 | D        | Noticed a cane toad
   874 | D        | Found Tulap's Distillery.
   874 | D        | Found Gyenules's Book Shoppe.
   874 | D        | Noticed Menkaure
   874 | D        | Noticed a cane toad
   874 | D        | Noticed an oklob plant
   911 | D        | Killed Menkaure
   914 | D        | Found Nimm's Magic Scroll Shoppe.
   914 | D        | Found Jutej's Book Shoppe.
   914 | D        | Found Avir's General Store.
   915 | D        | Noticed a manticore
   915 | D        | Noticed a manticore
   916 | D        | Noticed a manticore
   925 | D        | Bought a Trismegistus Codex for 364 gold pieces
   929 | D        | Learned a level 3 spell: Ignite Poison
   967 | D        | Bought a potion of flight for 39 gold pieces
   967 | D        | Bought a potion of haste for 130 gold pieces
   971 | D        | Bought a potion of flight for 33 gold pieces
   971 | D        | Bought a potion of attraction for 33 gold pieces
   971 | D        | Bought a potion of might for 44 gold pieces
   979 | D        | Bought a ring of poison resistance for 240 gold pieces
  1007 | D        | Found a snail-covered altar of Cheibriados.
  1008 | D        | Found a shadowy altar of Dithmenos.
  1008 | D        | Found a viscous altar of Jiyva.
  1009 | D        | Found a white marble altar of Elyvilon.
  1009 | D        | Found an ancient bone altar of Kikubaaqudgha.
  1010 | D        | Found a blossoming altar of Fedhas.
  1010 | D        | Found a corrupted altar of Lugonu.
  1010 | D        | Found a shimmering blue altar of Sif Muna.
  1014 | D        | Found an opulent altar of Gozag.
  1014 | D        | Found a burning altar of Makhleb.
  1014 | D        | Found a bloodstained altar of Trog.
  1015 | D        | Found a sparkling altar of Nemelex Xobeh.
  1015 | D        | Found a hide-covered altar of Uskayaw.
  1016 | D        | Found a basalt altar of Yredelemnul.
  1017 | D        | Found an iron altar of Okawaru.
  1017 | D        | Found a radiant altar of Vehumet.
  1017 | D        | Found a glowing silver altar of Zin.
  1017 | D        | Found a hazy altar of Hepliaklqana.
  1017 | D        | Found a sacrificial altar of Ru.
  1017 | D        | Found a shimmering altar of Xom.
  1017 | D        | Noticed a hornet
  1017 | D        | Noticed a polar bear
  1018 | D        | Found a stormy altar of Qazlal.
  1018 | D        | Found an ornate altar of the Wu Jian Council.
  1018 | D        | Found a glowing golden altar of the Shining One.
  1018 | D        | Noticed a yaktaur
  1022 | D        | Became a worshipper of Dithmenos the Shadowed
  1029 | D        | Noticed a polar bear
  1029 | D        | Noticed a polar bear
  1034 | D        | Killed a polar bear
  1035 | D        | Reached skill level 1 in Fire Magic
  1035 | D        | Reached skill level 1 in Poison Magic
  1035 | D        | Reached XP level 9. HP: 39/39 MP: 25/25
  1045 | D        | Killed a polar bear
  1052 | D        | Reached * piety under Dithmenos
  1058 | D        | Killed a polar bear
  1059 | D        | Reached skill level 5 in Transmutations
  1060 | D        | Killed a yaktaur
  1077 | D        | Noticed a deep elf master archer
  1082 | D        | Killed a deep elf master archer
  1082 | D        | Reached ** piety under Dithmenos
  1083 | D        | Reached skill level 5 in Poison Magic
  1083 | D        | Reached XP level 10. HP: 33/44 MP: 27/27
  1093 | D        | Reached skill level 5 in Fire Magic
  1105 | D        | Noticed a shining eye
  1105 | D        | Noticed a shining eye
  1105 | D        | Noticed a shining eye
  1107 | D        | Killed a shining eye
  1108 | D        | Killed a shining eye
  1108 | D        | Reached *** piety under Dithmenos
  1110 | D        | Gained mutation: Your spells are a little easier to cast,
                  | but a little less powerful. [a shining eye]
  1111 | D        | Killed a shining eye
  1120 | D        | Noticed an ice dragon
  1139 | D        | Killed an ice dragon
  1140 | D        | Reached skill level 10 in Transmutations
  1397 | D        | Noticed a death drake
  1398 | D        | Killed a death drake
  1398 | D        | Reached **** piety under Dithmenos
  1399 | D        | Noticed a death drake
  1399 | D        | Noticed a crystal guardian
  1400 | D        | Killed a crystal guardian
  1401 | D        | Reached skill level 1 in Fighting
  1401 | D        | Reached skill level 1 in Invocations
  1401 | D        | Killed a death drake
  1402 | D        | Reached XP level 11. HP: 49/49 MP: 29/29
  1429 | D        | Noticed a great orb of eyes
  1436 | D        | Reached ***** piety under Dithmenos
  1481 | D        | Killed a great orb of eyes
  1495 | D        | Reached skill level 10 in Poison Magic
  1499 | D        | Reached ****** piety under Dithmenos
  1532 | D        | Noticed an iron elemental
  1566 | D        | Killed an iron elemental
  1871 | D        | Learned a level 2 spell: Passwall
  1875 | D        | Learned a level 3 spell: Stone Arrow
  1877 | D        | Learned a level 1 spell: Sandblast
  1902 | D        | Found the +3 greatsling "Punk" {acid, rCorr}
  1907 | D        | Noticed a kraken
  1976 | D        | Reached skill level 10 in Dodging
  1976 | D        | Reached skill level 1 in Earth Magic
  2267 | D        | Noticed a deep troll
  2268 | D        | Noticed a deep troll
  2270 | D        | Killed a deep troll
  2271 | D        | Reached skill level 1 in Conjurations
  2271 | D        | Killed a deep troll
  2297 | D        | Noticed a sphinx
  2298 | D        | Noticed a sphinx
  2301 | D        | Killed a sphinx
  2302 | D        | Reached skill level 5 in Invocations
  2307 | D        | Killed a sphinx
  2379 | D        | Killed a kraken
  2380 | D        | Reached skill level 15 in Spellcasting
  2522 | D        | Noticed a purple draconian shifter
  2522 | D        | Noticed Sonja
  2522 | D        | Noticed a hellephant
  2524 | D        | Noticed a glowing orange brain
  2562 | D        | Slain by a hellephant

Illustrated notes

Levels and vault maps discovered:
D:        the_violet_keep_of_menkaure [sprint2_stairs_cluster_1,
          sprint2_shoproom, sprint2_temple, sprint2_basic_supplies,
          sprint2_obstacle_4, sprint2_obstacle_5, sprint2_obstacle_6,
          sprint2_obstacle_3, sprint2_obstacle_7, sprint2_timed_cluster_1,
          sprint2_smallroom_cluster_1, sprint2_smallroom_final_cluster_1,
          sprint2_transparent_cluster_1, sprint2_second_timed_cluster_1,
          sprint2_sniper_area_1, sprint2_heavy_combat_area_1,
          sprint2_mutation_trap_area_1, sprint2_forest_area_1,
          sprint2_light_combat_area_1, sprint2_behind_water_1,
          sprint2_near_end_vault_1]

Skill      XL: |  1  2  3  4  5  6  7  8  9 10 11 |
---------------+----------------------------------+-----
Short Blades   | 3 4 5 7 8 10 | 10.0
Stealth        | 8 10 11 15 17 18 | 18.0
Spellcasting   | 4 5 6 8 10 11 12 13 15 | 15.0
Hexes          | 5 6 9 10 12 13 14 | 14.0
Dodging        | 3 6 8 11 | 11.0
Transmutations | 2 7 10 | 10.7
Fire Magic     | 1 4 7 9 |  9.0
Poison Magic   | 1 5 9 10 | 10.0
Fighting       | 1 4 |  4.6
Invocations    | 2 6 |  6.8
Earth Magic    | 4 |  4.8
Conjurations   | 3 |  3.9

Action                   |  1- 3 |  4- 6 |  7- 9 | 10-12 || total
-------------------------+-------+-------+-------+-------++-------
Melee: Dagger            |    16 |    12 |    34 |   146 ||   208
       Punch             |       |     1 |       |     1 ||     2
 Cast: Ensorcelled Hiber |       |       |     8 |    22 ||    30
       Confusing Touch   |       |       |     1 |     6 ||     7
       Dazzling Flash    |       |       |       |     6 ||     6
Invok: Shadow Form       |       |       |       |     3 ||     3
  Use: Potion            |     2 |       |     5 |     7 ||    14
 Stab: Invisible         |     4 |     2 |     7 |    18 ||    31
       Sleeping          |     1 |     3 |     4 |    19 ||    27
       Confused          |       |       |     1 |     7 ||     8
Armor: Robe              |       |     1 |     1 |     1 ||     3
Dodge: Dodged            |     7 |     3 |     9 |    63 ||    82
